AoeStats
← zofrano

Arabia

507715463Analyzed
1v1 RM · 11d ago on Sep 19, 2026· 20m 43s· 2 players
Game mode
Random Map
Map size
Tiny (2 player)
Population
200
Speed
Normal
Resources
Standard
Victory
Conquest
Starting age
Dark Age
Ending age
Imperial Age
RankedLock teamsTeams togetherTeam positionsShared explorationLock speedFull tech treeHidden civsTurbo modeCheats
Victory
Defeat
🇺🇸 Japanese · United States
918
+16
🇹🇷 Berbers · Türkiye
918
-16
zofrano
6:15 Loom
9:19 Feudal Age
10:14 Double-Bit Axe
10:54 Town Watch
12:07 Horse Collar
13:51 Gold Mining
17:09 Fletching
18:26 Padded Archer Armor
CHRISTISKING
11:33 Feudal Age
9:48 Loom
12:03 Horse Collar
12:19 Man-at-Arms
13:40 Arson
15:39 Scale Mail Armor
18:49 Forging
19:04 Double-Bit Axe
19:56 Fletching
Connection lost

Rejoining the realm…

Still unreachable

The connection could not be restored.

Session expired

The server has moved on; the page needs a fresh start.